 Dungeon Crawl Stone Soup version 0.27-a0-1325-g58a489ad9e (webtiles) character file.

Game seed: 11266213683791711140

223 basicallysejuani the Stinger (level 6, -2/54 HPs)
             Began as an Ogre Venom Mage on June 24, 2021.
             Slain by a gnoll (10 damage)
             ... on level 3 of the Dungeon.
             The game lasted 00:51:46 (4599 turns).

basicallysejuani the Stinger (Ogre Venom Mage)      Turns: 4599, Time: 00:51:47

Health: -2/54      AC:  3    Str: 13    XL:     6   Next: 0%
Magic:  0/10       EV:  9    Int: 16    God:
Gold:   111        SH:  0    Dex:  9    Spells: 8/11 levels left

rFire    x . .     SeeInvis .   n - +2 spear (freeze)
rCold    + . .     Faith    .   (no shield)
rNeg     . . .     Spirit   .   a - +0 robe
rPois    .         Reflect  .   (helmet restricted)
rElec    .         Harm     .   (no cloak)
rCorr    .         Rampage  .   (gloves unavailable)
Will     .....                  (boots unavailable)
Stlth    +.........             (no amulet)
HPRegen  0.18/turn              l - ring of ice
MPRegen  0.12/turn              (no ring)

@: no status effects
A: large, unfitting armour, tough skin 1, antennae 1, dopey 1
a: no special abilities


You were on level 3 of the Dungeon.
You visited 1 branch of the dungeon, and saw 4 of its levels.

You collected 111 gold pieces.

Inventory:

Hand Weapons
 d - a +0 club
 e - a +0 dagger
 g - a +0 dagger
 h - a +0 club
 k - a +0 dagger of draining
 n - a +2 spear of freezing (weapon)
 p - a +1 short sword of flaming
 x - a +0 hunting sling
Missiles
 f - 97 stones
 j - 77 arrows
 r - 40 bolts
Armour
 a - a +0 robe (worn)
 m - a +0 robe
Jewellery
 l - a ring of ice (left hand)
Scrolls
 b - a scroll of noise {unknown}
 c - a scroll of torment {unknown}
 o - a scroll of teleportation {unknown}
 q - a scroll of identify {unknown}
 s - a scroll of fog {unknown}
 t - a scroll of amnesia {unknown}
 w - 2 scrolls of vulnerability {unknown}
Potions
 i - a potion of curing {unknown}
 u - a potion of mutation
 v - a potion of heal wounds {unknown}


   Skills:
 - Level 0.7 Fighting
 - Level 1.7 Dodging
 - Level 1.4 Stealth
 - Level 0.4 Unarmed Combat
 - Level 3.3 Spellcasting
 - Level 0.8 Transmutations
 * Level 5.4 Poison Magic


You had 8 spell levels left.
You knew the following spells:

 Your Spells              Type           Power      Damage    Failure   Level
a - Sting                 Tmut/Pois      48%        1d5       4%          1
b - Poisonous Vapours     Pois/Air       22%        N/A       9%          2

Your spell library contained the following spells:

 Spells                   Type           Power      Damage    Failure   Level
 Olgreb's Toxic Radiance  Pois           20%        N/A       19%         4
 Ignite Poison            Fire/Tmut/Pois 9%         N/A       22%         3
 Mephitic Cloud           Conj/Pois/Air  8%         N/A       26%         3


Dungeon Overview and Level Annotations

Branches:
Dungeon (4/15)
 Temple: D:4-7

Altars:


Innate Abilities, Weirdness & Mutations

You are too large for most types of armour.
You have tough skin. (AC +1)
You have a pair of small antennae on your head.
You are dopey. (Int -2)


Message History

You have reached level 6!
Your experience leads to an increase in your attributes!
Your base attributes are Str 12, Int 17, Dex 9.
Increase (S)trength, (I)ntelligence, or (D)exterity?
You feel clever.
You feel stronger.
Casting: Poisonous Vapours (safe; 9% risk of failure)
Confirm with . or Enter, or press ? or * to list all spells.
Aiming: Poisonous Vapours (safe; 9% risk of failure)
Press: ? - help, Dir - move target, f - gnoll
Aim: a gnoll, wielding a +0 flail Poisonous vapours surround the gnoll!
The gnoll is poisoned.
The gnoll hits you with a +0 flail!
You hit the gnoll. You freeze the gnoll.
The gnoll is moderately wounded.
The gnoll hits you with a +0 flail.
You hit the gnoll. You freeze the gnoll.
The gnoll is heavily wounded.
The gnoll hits you with a +0 flail.
You hit the gnoll. You freeze the gnoll.
The gnoll is almost dead.
The gnoll hits you with a +0 flail!
You closely miss the gnoll.
The gnoll is almost dead.
The gnoll looks more healthy.
The gnoll closely misses you.
You closely miss the gnoll.
The gnoll is almost dead.
The gnoll hits you with a +0 flail!
* * * LOW HITPOINT WARNING * * *
You completely miss the gnoll.
The gnoll is almost dead.
The gnoll hits you with a +0 flail.
* * * LOW HITPOINT WARNING * * *
Casting: Poisonous Vapours (safe; 9% risk of failure)
Confirm with . or Enter, or press ? or * to list all spells.
Aiming: Poisonous Vapours (safe; 9% risk of failure)
Press: ? - help, Dir - move target, f/p - gnoll
Aim: a gnoll, wielding a +0 flail (severely wounded) Poisonous vapours surround the gnoll!
The gnoll is poisoned.
The gnoll hits you with a +0 flail!
You die...

..#.# #.# #.#.#
#.# #.#.# #.#
######## #.#.# #.#
##
#r.g...#.#...###.#
...
#.####r#.........#
#..#.#
#)####..#####
#'g.# #)# #..#
≈r≈#..# #†#####@#
g≈ #..# #....rg>#
≈ '..# #########
..#.# .##.# ## #.#
#.#


You could see a gnoll (poisoned) and a rat.

Vanquished Creatures
  Natasha (twice) (D:2)
  4 adders
  6 gnolls
  A river rat (D:3)
  An orc (D:2)
  6 bats
  6 endoplasms
  7 giant cockroaches
  6 goblins
  4 hobgoblins
  5 jackals
  A quokka (D:3)
  8 ball pythons
  6 frilled lizards
  7 kobolds
  5 rats
75 creatures vanquished.

Notes
Turn   | Place    | Note
-------+----------+-------------------------------------------
     0 | D:1      | basicallysejuani the Ogre Venom Mage began the quest for
                  | the Orb.
     0 | D:1      | Reached XP level 1. HP: 16/16 MP: 3/3
   305 | D:1      | Reached XP level 2. HP: 15/24 MP: 1/6
   308 | D:1      | Learned a level 2 spell: Poisonous Vapours
  1204 | D:1      | Reached skill level 3 in Poison Magic
  1204 | D:1      | Reached XP level 3. HP: 31/32 MP: 0/7
  1824 | D:2      | Gained mutation: You are dopey. (Int -2) [potion of
                  | mutation]
  1824 | D:2      | Gained mutation: You have a pair of small antennae on your
                  | head. [potion of mutation]
  1829 | D:2      | Reached XP level 4. HP: 8/40 MP: 0/8
  2695 | D:2      | Reached skill level 4 in Poison Magic
  3265 | D:2      | Noticed Natasha
  3273 | D:2      | Killed Natasha
  3274 | D:2      | Reached XP level 5. HP: 27/46 MP: 0/9
  3586 | D:2      | Noticed Natasha
  3871 | D:2      | Killed Natasha
  4152 | D:3      | Reached skill level 5 in Poison Magic
  4213 | D:3      | HP: 2/46 [water moccasin skeleton (5)]
  4214 | D:4      | Noticed an ogre
  4586 | D:3      | Reached XP level 6. HP: 49/54 MP: 2/10
  4599 | D:3      | Slain by a gnoll

Illustrated notes

Levels and vault maps discovered:
D:1:      eino_arrival_water_star, layout_loops_ring, minmay_tromino_i4
D:2:      layout_rooms, hex_medium, hangedman_decor_slide_cut,
          minmay_fractal_squares_gapless_5, uniq_natasha
D:3:      layout_basic, nicolae_overflow_crystal_walls, gup_sewer_entry_bowl
D:4:      layout_basic, lemuel_round_altar, minmay_temple_entry_arrows,
          uniq_grinder, uniq_menkaure, uniq_robin

Skill      XL: |  1  2  3  4  5 |
---------------+----------------+-----
Spellcasting   | 3 |  3.3
Poison Magic   | 3 4 5 |  5.4
Fighting       | |  0.7
Dodging        | |  1.7
Stealth        | |  1.4
Unarmed Combat | |  0.4
Transmutations | |  0.8

Action                   |  1- 3 |  4- 6 || total
-------------------------+-------+-------++-------
Melee: Unarmed           |    27 |       ||    27
       Club              |     9 |       ||     9
       Dagger            |     4 |     1 ||     5
       Spear             |       |    45 ||    45
 Cast: Sting             |    24 |    13 ||    37
       Poisonous Vapours |    32 |    63 ||    95
  Use: Potion            |     1 |       ||     1
Armor: Robe              |    27 |    18 ||    45
Dodge: Dodged            |    34 |    32 ||    66

Table legend: (Time is in decaauts)
 A = Elapsed time spent in this place.
 B = Non-inter-level travel time spent in this place.
 C = Inter-level travel time spent in this place.
 D = Time resting spent in this place.
 E = Time spent auto-exploring this place.
 F = Levels seen in this place.
 G = Mean time per level.
                   A        B        C        D        E       F      G
               +--------+--------+--------+--------+--------+-----+--------+
         Total |   4616 |   4014 |    602 |   2155 |    945 |   4 | 1154.0 |
       Dungeon |   4616 |   4014 |    602 |   2155 |    945 |   4 | 1154.0 |
               +--------+--------+--------+--------+--------+-----+--------+

Top non-repeatable levels by time:
     D:2: 2409 daAuts
     D:1: 1738 daAuts
     D:3: 422 daAuts
     D:4: 46 daAuts
